 Dungeon Crawl Stone Soup version 0.27-a0-1280-g9d2d252d84 (webtiles) character file.

Game seed: 12551096431367808016

1094 Johnny the Magician (level 8, -1/50 HPs)
             Began as a Deep Elf Earth Elementalist on June 13, 2021.
             Slain by a water moccasin (3 damage)
             ... on level 5 of the Dungeon.
             The game lasted 00:04:34 (6060 turns).

Johnny the Magician (Deep Elf Earth Elementalist)   Turns: 6060, Time: 00:04:35

Health: -1/50      AC:  2    Str:  5    XL:     8   Next: 10%
Magic:  18/20      EV: 12    Int: 23    God:
Gold:   226        SH:  0    Dex: 15    Spells: 16/20 levels left

rFire    . . .     SeeInvis .   q - +2 demon trident (elec)
rCold    . . .     Faith    .   (no shield)
rNeg     + . .     Spirit   .   c - +0 robe
rPois    .         Reflect  .   (no helmet)
rElec    .         Harm     .   (no cloak)
rCorr    .         Rampage  .   (no gloves)
Will     .....                  (no boots)
Stlth    ++........             (no amulet)
HPRegen  0.16/turn              i - ring of positive energy
MPRegen  0.17/turn              (no ring)

@: lethally poisoned (-1 -> -7), attractive
A: no striking features
a: no special abilities


You were on level 5 of the Dungeon.
You visited 1 branch of the dungeon, and saw 6 of its levels.

You collected 327 gold pieces.
You spent 101 gold pieces at shops.

Inventory:

Hand Weapons
 d - a +1 whip of flaming
 h - a +2 dagger of draining
 q - a +2 demon trident of electrocution (weapon)
Missiles
 b - 33 stones
Armour
 c - a +0 robe (worn)
Jewellery
 i - a ring of positive energy (left hand)
 u - an amulet of regeneration
Wands
 z - a wand of flame (22)
Scrolls
 a - 3 scrolls of fog
 e - a scroll of fear {unknown}
 f - 3 scrolls of immolation
 j - 6 scrolls of teleportation {unknown}
 l - a scroll of magic mapping {unknown}
 m - 2 scrolls of blinking {unknown}
 r - 2 scrolls of enchant armour {unknown}
 t - 2 scrolls of silence {unknown}
 v - a scroll of enchant weapon {unknown}
 w - a scroll of noise {unknown}
 y - a scroll of identify
Potions
 k - 2 potions of ambrosia
 o - a potion of curing {unknown}
 p - a potion of mutation {unknown}
 s - a potion of magic {unknown}
 x - a potion of resistance {unknown}


   Skills:
 * Level 5.5 Fighting
 - Level 2.4 Dodging
 - Level 2.4 Stealth
 + Level 6.8 Spellcasting
 - Level 1.1 Transmutations
 + Level 6.1 Earth Magic


You had 16 spell levels left.
You knew the following spells:

 Your Spells              Type           Power      Damage    Failure   Level
a - Sandblast             Erth           72%        2d16      1%          1
b - Stone Arrow           Conj/Erth      44%        3d9       7%          3

Your spell library contained the following spells:

 Spells                   Type           Power      Damage    Failure   Level
 Passwall                 Tmut/Erth      20%        N/A       2%          2
 Corona                   Hex            7%         N/A       8%          1
 Magic Dart               Conj           28%        1d4       8%          1
 Searing Ray              Conj           14%        3d3       12%         2
 Slow                     Hex            7%         N/A       12%         2
 Petrify                  Tmut/Erth      24%        N/A       17%         4
 Lee's Rapid Deconstruct  Erth           18%        3d12*     17%         5
 Leda's Liquefaction      Hex/Erth       11%        N/A       22%         4
 Dazzling Flash           Conj/Hex       14%        N/A       24%         3
 Inner Flame              Hex/Fire       7%         N/A       24%         3
 Portal Projectile        Hex/Tloc       14%        N/A       24%         3
 Cause Fear               Hex            3%         N/A       61%         4
 Fulminant Prism          Conj/Hex       3%         3d6       61%         4
 Iskenderun's Mystic Bla  Conj/Tloc      7%         2d4       61%         4


Dungeon Overview and Level Annotations

Branches:
Dungeon (6/15)
 Temple: D:4-7

Altars:
Fedhas
Gozag
Vehumet
The Shining One

Shops:
D:1 *[*(   D:2 =

Annotations:
D:4 3 runed translucent doors, Kinoniko's ghost, amateur HOMo


Message History

Aim: a water moccasin (moderately wounded, 70% to hit)
The blast of sand hits the water moccasin!
The water moccasin is heavily wounded.
You feel very sick. The water moccasin bites you.
* * * LOW HITPOINT WARNING * * *
Casting: Sandblast (safe; 1% risk of failure)
Confirm with . or Enter, or press ? or * to list all spells.
Aiming: Sandblast (safe; 1% risk of failure)
Press: ? - help, Shift-Dir - straight line, f/p - water moccasin
Aim: a water moccasin (heavily wounded, 70% to hit)
The blast of sand misses the water moccasin.
* * * LOW HITPOINT WARNING * * *
You feel very sick. The water moccasin closely misses you.
Unknown command.
You are confused.
You feel invigorated.
* * * LOW HITPOINT WARNING * * *
You feel sick. The water moccasin bites you.
* * * LOW HITPOINT WARNING * * *
The water moccasin bites you!
* * * LOW HITPOINT WARNING * * *
Okay, then.
You are too confused!
Unknown command.
You are too confused!
Unknown command.
It was a potion of cancellation.
Your magical effects are unravelling.
You feel magically purged.
You feel less invigorated.
You feel less confused.
* * * LOW HITPOINT WARNING * * *
You feel very sick. The water moccasin barely misses you.
It was a potion of attraction.
You feel attractive to monsters.
* * * LOW HITPOINT WARNING * * *
You feel sick. The water moccasin bites you.
You die...

..#............#..^..##
⌠.#.).................##
..#....................#
..'....................#
..#....................#
⌠.#....................#
..#....................#
###..............S....##
.......##.......@......#
##########...#.........#
#.......###.........#
#.......###.........#
##.......#...........#
###..........#........##
............##.#.....##
............##.#######
.###...........##


You could see a water moccasin.

Vanquished Creatures
  A black bear (D:4)
  An ice beast (D:5)
  2 ogres
  A necrophage (D:5)
  A centaur (D:5)
  A scorpion (D:5)
  A water moccasin zombie (D:5)
  3 bullfrog skeletons (D:5)
  3 hounds
  An orc priest (D:5)
  A jelly (D:5)
  Natasha (thrice) (D:2)
  A hound skeleton (D:4)
  9 adders
  2 worms
  3 dart slugs
  2 orcs (D:5)
  9 ball pythons
  5 bats
  7 endoplasms
  6 goblins
  4 hobgoblins
  11 jackals
  3 quokkas
  6 kobolds
  3 rats
90 creatures vanquished.

Vanquished Creatures (others)
  2 plants (D:5)
2 creatures vanquished.

Grand Total: 92 creatures vanquished

Notes
Turn   | Place    | Note
-------+----------+-------------------------------------------
     0 | D:1      | Johnny the Deep Elf Earth Elementalist began the quest for
                  | the Orb.
     0 | D:1      | Reached XP level 1. HP: 10/10 MP: 6/6
    38 | D:1      | Found Homaca's Armour Shop.
   338 | D:1      | Found Zadergh's General Store.
   341 | D:1      | Found Zeas's Antique Weapon Shoppe.
   349 | D:1      | Bought a scroll of identify for 28 gold pieces
   349 | D:1      | Bought 11 stones for 15 gold pieces
   397 | D:1      | Reached XP level 2. HP: 11/16 MP: 8/8
   492 | D:1      | Reached skill level 1 in Fighting
   578 | D:1      | Found Oqeliyne's Assorted Antiques.
   699 | D:1      | Bought a scroll of identify for 58 gold pieces
  1018 | D:1      | Reached XP level 3. HP: 16/20 MP: 10/10
  1328 | D:2      | Found a glowing golden altar of the Shining One.
  1885 | D:2      | Reached XP level 4. HP: 26/26 MP: 7/11
  1960 | D:2      | Found Etaosigh's Jewellery Emporium.
  2245 | D:2      | Noticed Natasha
  2252 | D:2      | Killed Natasha
  2520 | D:2      | Noticed Natasha
  2522 | D:2      | Killed Natasha
  2575 | D:2      | Noticed Natasha
  2578 | D:2      | Killed Natasha
  2579 | D:2      | Reached XP level 5. HP: 31/31 MP: 9/13
  3328 | D:3      | Found a radiant altar of Vehumet.
  3617 | D:3      | Found a faded altar of an unknown god.
  3680 | D:3      | Noticed an ogre
  3684 | D:3      | Killed an ogre
  3685 | D:3      | Reached XP level 6. HP: 37/37 MP: 10/15
  3944 | D:4      | Reached skill level 5 in Spellcasting
  4163 | D:4      | Reached skill level 5 in Earth Magic
  4277 | D:4      | Noticed an ice beast
  4308 | D:4      | Noticed Kinoniko's ghost (amateur HOMo)
  4342 | D:4      | Found a runed translucent gate.
  4342 | D:4      | Found a runed translucent gate.
  4342 | D:4      | Found a runed translucent gate.
  4468 | D:4      | Reached XP level 7. HP: 43/43 MP: 17/17
  4666 | D:4      | Found a blossoming altar of Fedhas.
  4704 | D:5      | Entered Level 5 of the Dungeon
  4903 | D:5      | Learned a level 3 spell: Stone Arrow
  5270 | D:5      | Reached skill level 5 in Fighting
  5735 | D:5      | Reached XP level 8. HP: 50/50 MP: 18/20
  5918 | D:5      | Found an opulent altar of Gozag.
  6058 | D:5      | HP: 2/50 [water moccasin (7)]
  6060 | D:5      | Slain by a water moccasin

Illustrated notes

Levels and vault maps discovered:
D:1:      dpeg_arrival_short_road, layout_rooms, serial_shops, shop_coins, shop,
          nicolae_shop_stone, nicolae_shop_trees
D:2:      layout_loops_corners, basic_altar, serial_shops, nicolae_shop_trees,
          uniq_natasha
D:3:      layout_loops_ring, vehumet_crystals,
          hellmonk_ecumenical_altar_zigzags, kennysheep_small_spiral,
          grunt_ministairs_1
D:4:      layout_loops_ring, kennysheep_mini_moat, gammafunk_ghost_icy
D:5:      layout_rooms, general_overflow_altar, serial_bayou_lagoon_a,
          minmay_fountain_box
D:6:      layout_gridville, minmay_temple_entry_mist, serial_glass,
          glass_columns_a, glass_columns_a, minmay_holes,
          hangedman_feature_mirror

Skill      XL: |  1  2  3  4  5  6  7 |
---------------+----------------------+-----
Fighting       | 1 2 3 4 5 |  5.5
Spellcasting   | 4 5 6 |  6.8
Earth Magic    | 4 5 6 |  6.1
Dodging        | |  2.4
Stealth        | |  2.4
Transmutations | |  1.1

Action                   |  1- 3 |  4- 6 |  7- 9 || total
-------------------------+-------+-------+-------++-------
Melee: Unarmed           |     4 |       |       ||     4
       Whip              |     3 |       |       ||     3
       Dagger            |    39 |    14 |       ||    53
       Demon trident     |       |    40 |    25 ||    65
 Cast: Sandblast         |    29 |    24 |    18 ||    71
       Stone Arrow       |       |       |    10 ||    10
  Use: Scroll            |       |     3 |       ||     3
       Potion            |       |       |     3 ||     3
 Stab: Sleeping          |     6 |     6 |     1 ||    13
Armor: Robe              |     8 |     9 |     4 ||    21
Dodge: Dodged            |    54 |    27 |    25 ||   106

Table legend: (Time is in decaauts)
 A = Elapsed time spent in this place.
 B = Non-inter-level travel time spent in this place.
 C = Inter-level travel time spent in this place.
 D = Time resting spent in this place.
 E = Time spent auto-exploring this place.
 F = Levels seen in this place.
 G = Mean time per level.
                   A        B        C        D        E       F      G
               +--------+--------+--------+--------+--------+-----+--------+
         Total |   6095 |   5972 |    123 |    496 |   4902 |   6 | 1015.8 |
       Dungeon |   6095 |   5972 |    123 |    496 |   4902 |   6 | 1015.8 |
               +--------+--------+--------+--------+--------+-----+--------+

Top non-repeatable levels by time:
     D:2: 1361 daAuts
     D:3: 1259 daAuts
     D:1: 1255 daAuts
     D:4: 1154 daAuts
     D:5: 1058 daAuts
     D:6: 5 daAuts
